 Dungeon Crawl Stone Soup version 0.32-a0-22-g6ae6769602 (webtiles) character file.

Game seed: 11381532867567610311

60944 shadizar the Fighter (level 15, -6/96 (100) HPs)
             Began as a Gargoyle Fighter on Jan 18, 2024.
             Was the Champion of Okawaru.
             Mangled by a spark wasp (20 damage)
             ... on level 2 of the Spider Nest.
             The game lasted 00:38:55 (18135 turns).

shadizar the Fighter (Gargoyle Fighter)            Turns: 18135, Time: 00:38:56

HP:   -6/96 (100)   AC: 40    Str: 25    XL:     15   Next: 1%
MP:   0/15          EV:  6    Int:  9    God:    Okawaru [******]
Gold: 910           SH:  0    Dex:  9    Spells: 14/14 levels left

rFire   + . .        B - +2 demon whip (chaos)
rCold   + . .        b - +0 kite shield
rNeg    + . .        e - +4 chain mail "Apliple" {rC+ Regen+ Str-2}
rPois   ∞            x - +1 helmet
rElec   +            k - +0 cloak
rCorr   +            i - +1 pair of gloves
SInv    +            r - +1 pair of boots "Toadicak" {-Tele Fly rElec Stlth+}
Will    +....        v - amulet of guardian spirit
Stlth   +            I - ring "Veaptor" {rElec rCorr Slay+4 SInv}
HPRegen 1.16/turn    z - ring of protection from fire
MPRegen 0.14/turn

%: no teleportation, guardian spirit
@: heroic, flying, held, lightly drained
A: sickness immunity, AC +11, big wings, negative energy resistance 1,
electricity resistance, torment resistance 1, petrification resistance
a: Renounce Religion, Heroism, Finesse, Duel


You were on level 2 of the Spider Nest.
You worshipped Okawaru.
Okawaru was exalted by your worship.
You visited 4 branches of the dungeon, and saw 18 of its levels.
You also visited: Ossuary and Volcano.

You collected 1246 gold pieces.
You spent 336 gold pieces at shops.

Inventory:

Hand Weapons
 q - a +5 flail of freezing
 B - a +2 demon whip of chaos (weapon)
 F - a +1 eveningstar of freezing
Armour
 b - a +0 kite shield (worn)
 e - the +4 chain mail "Apliple" (worn) {rC+ Regen+ Str-2}
   (You bought it in a shop on level 4 of the Dungeon)

   Str-2:     It affects your strength (-2).
   rC+:       It protects you from cold.
   Regen+:    It increases your rate of health regeneration.
 h - a +2 chain mail of fire resistance
 i - a +1 pair of gloves (worn)
 k - a +0 cloak (worn)
 r - the +1 pair of boots "Toadicak" (worn) {-Tele Fly rElec Stlth+}
   (You found it on level 2 of the Dungeon)

   rElec:     It insulates you from electricity.
   Fly:       It grants you flight.
   -Tele:     It prevents most forms of teleportation.
   Stlth+:    It makes you more stealthy.
 x - a +1 helmet (worn)
 E - the +3 plate armour of the Gusle {+Inv rN+}
   (Okawaru gifted it to you on level 4 of the Lair of Beasts)

   rN+:       It protects you from negative energy.
   +Inv:      It lets you turn invisible.
Jewellery
 v - an amulet of guardian spirit (around neck)
 z - a ring of protection from fire (right hand)
 I - the ring "Veaptor" (left hand) {rElec rCorr Slay+4 SInv}
   (You found it on level 1 of the Spider Nest)

   [ring of slaying]

   Slay+4:    It affects your accuracy & damage with ranged weapons and melee
   (+4).
   rElec:     It insulates you from electricity.
   SInv:      It lets you see invisible.
   rCorr:     It protects you from acid and corrosion.
Wands
 n - a wand of acid (10)
 o - a wand of digging (1)
 w - a wand of flame (41)
 y - a wand of roots (7)
Scrolls
 g - a scroll of teleportation
 j - 3 scrolls of identify
 m - 2 scrolls of revelation
 p - a scroll of poison
 A - a scroll of fog
 G - a scroll of brand weapon
Potions
 c - 2 potions of brilliance
 d - 2 potions of might
 f - 5 potions of enlightenment
 l - 6 potions of curing
 u - a potion of invisibility
 D - a potion of haste
 H - a potion of berserk rage


   Skills:
 + Level 14.1(19.1) Fighting
 + Level 12.8(17.8) Maces & Flails
 + Level 14.1(19.1) Armour
 + Level 6.2(11.2) Dodging
 + Level 14.1(19.1) Shields


You had 14 spell levels left.
You didn't know any spells.
Your spell library contained the following spells:

 Spells                   Type           Power      Damage    Failure   Level
 Dazzling Flash           Conj/Hex       0%         N/A       99%         3
 Mephitic Cloud           Conj/Alch/Air  0%         N/A       99%         3
 Stone Arrow              Conj/Erth      0%         3d7       99%         3
 Volatile Blastmotes      Fire/Tloc      0%         2d10      99%         3
 Cause Fear               Hex            0%         N/A       100%        4
 Dimensional Bullseye     Hex/Tloc       0%         N/A       100%        4
 Fulminant Prism          Conj/Alch      0%         3d5       100%        4
 Iskenderun's Mystic Bla  Conj/Tloc      0%         2d3       100%        4
 Vhi's Electric Charge    Tloc/Air       0%         N/A       100%        4
 Arcjolt                  Conj/Air       0%         1d10      100%        5
 Curse of Agony           Necr           0%         N/A       100%        5
 Fireball                 Conj/Fire      0%         3d3       100%        5
 Silence                  Hex/Air        0%         N/A       100%        5
 Plasma Beam              Fire/Air       0%         2x1d10    100%        6
 Borgnjor's Revivificati  Necr           0%         N/A       100%        8
 Lehudib's Crystal Spear  Conj/Erth      0%         10d2      100%        8
 Death's Door             Necr           0%         N/A       100%        9
 Tukima's Dance           Hex            Unusable   N/A       N/A         3
 Animate Armour           Summ/Erth      Unusable   N/A       N/A         4
 Haunt                    Necr/Summ      Unusable   N/A       N/A         7
 Dragon's Call            Summ           Unusable   N/A       N/A         9

Dungeon Overview and Level Annotations

Branches:
Dungeon (10/15)            Temple (1/1) D:5            Lair (5/5) D:10
 Shoals (0/4) Lair:2       Spider (2/4) Lair:2        Slime (0/5) Lair:4
    Orc (0/2) D:10        Ossuary (visited)         Volcano (visited)

Altars:
Ashenzari
Cheibriados
Dithmenos
Elyvilon
Fedhas
Gozag
Hepliaklqana
Kikubaaqudgha
Makhleb
Nemelex Xobeh
Okawaru
Qazlal
Ru
Sif Muna
Trog
Uskayaw
Vehumet
Wu Jian
Xom
Yredelemnul
Zin
The Shining One
Jiyva

Shops:
D:4 [   D:6 *   D:7 ?   D:8 *

Annotations:
D:10 1 runed translucent door
Lair:4 2 transporters, Zenatt's ghost, journeyman TrFi
Spider:1 Roxanne


Innate Abilities, Weirdness & Mutations

You are immune to sickness and miasma.
Your stone body is resilient. (AC +11)
You are immune to poison.
Your large and strong wings let you fly.
You resist negative energy. (rN+)
You are resistant to electric shocks. (rElec)
You are resistant to unholy torment.
You are immune to petrification.


Message History

The redback closely misses you. You block the jorogumo's attack.
The jumping spider barely misses you. You block the jumping spider's attack.
The spark wasp stings you but does no damage.
You hit the spark wasp but do no damage.
The spark wasp is heavily wounded.
The redback bites you but does no damage.
The jumping spider leaps!
You block the jumping spider's attack.
The jumping spider bites you but does no damage.
The jorogumo casts a spell at you. The bolt of negative energy hits you!!
You partially resist.
You feel drained.
* * * LOW HITPOINT WARNING * * *
You block the spark wasp's attack.
You hit the spark wasp but do no damage.
The spark wasp is heavily wounded.
The redback closely misses you.
The jumping spider leaps!
You whack the spark wasp!
The spark wasp seems to slow down.
The spark wasp is severely wounded.
The spark wasp's magic is no longer disrupted.
The jorogumo stares at you and mumbles some strange words.
The stream of webbing hits you but does no damage.
You are caught in a web!
The spark wasp stings you but does no damage.
The redback bites you but does no damage.
You feel better.
The jumping spider leaps!
The jorogumo stares at you and mumbles some strange words.
The stream of webbing misses you.
The redback bites you but does no damage.
The spark wasp stings you.
* * * LOW HITPOINT WARNING * * *
The spark wasp shocks you. You resist.
* * * LOW HITPOINT WARNING * * *
The jumping spider leaps!
Unknown command.
Unknown command.
You feel better.
The redback bites you but does no damage.
The jumping spider leaps!
The jorogumo hits you but does no damage.
The spark wasp stings you!!
You die...

..#.. ...## # #...##
#.##### #....##
####.#^..####.....#
#.........<.......##
#........†.°.......#
#......y†......#....#
.#...@........# .^...
##sssH.......# ....
#...........# ...
#..........## ..
#°..^.†....# .
#..##○..#### #..
#.... #.. ......
##^....


You could see a jorogumo, a spark wasp (slow), 2 jumping spiders and a redback.

Vanquished Creatures
  A catoblepas (Lair:5)
  2 hydras (Lair:5)
  3 two-headed ogres
  3 hell hogs
  6 death yaks
  2 skysharks
  Amaemon (Lair:1)
  A fire crab (Lair:4)
  3 orb spiders
  2 lindwurms
  3 steelbarb worms (Spider:1)
  A deep elf pyromancer (D:10)
  4 wolf spiders (Spider:1)
  6 elephants (Lair:3)
  A moth of wrath (Spider:1)
  3 molten gargoyles (Lair:5)
  7 black mambas
  An orange demon (Lair:1)
  2 gargoyles (Volcano)
  11 cane toads
  2 rime drakes
  15 komodo dragons
  5 polar bears
  A troll (D:10)
  A hornet (D:9)
  7 tarantellas
  Prince Ribbit (Lair:2)
  28 blink frogs
  6 dream sheep (Lair:5)
  8 jumping spiders
  3 culicivoras (Spider:1)
  A shadow (D:9)
  27 yaks
  7 basilisks
  Eustachio (D:4)
  6 fire bats (Volcano)
  6 wyverns
  10 redbacks
  8 steam dragons
  Menkaure (D:7)
  3 acid dragons
  3 hell hounds (Lair:5)
  15 water moccasins
  2 ice beasts
  5 orc warriors
  2 black bears
  3 centaurs
  2 ogres
  28 wolves
  2 phantoms
  2 kobold brigands
  10 bullfrogs
  2 scorpions
  2 gnoll sergeants
  14 wights
  17 killer bees
  4 howler monkeys
  3 electric eels
  A bombardier beetle (D:5)
  9 lava snakes
  A quasit (D:4)
  A gnoll bouda (D:8)
  3 hounds
  A human zombie (Ossuary)
  4 orc priests
  19 iguanas
  9 orc wizards
  Natasha (thrice) (D:2)
  A hound zombie (Ossuary)
  4 mummies (Ossuary)
  Robin (D:4)
  21 gnolls
  4 adders
  A shadow imp (D:4)
  A white imp (D:7)
  3 ufetubi
  2 adder zombies (Ossuary)
  2 ribbon worms
  4 dart slugs
  36 orcs
  9 bats
  9 endoplasms
  5 giant cockroaches
  16 goblins
  9 hobgoblins
  4 jackals
  16 kobolds
  4 quokkas
  16 ball pythons
  16 frilled lizards
  2 gnoll zombies (Ossuary)
  A goblin zombie (Ossuary)
  2 hobgoblin zombies (Ossuary)
  2 kobold zombies (Ossuary)
  An orc zombie (Ossuary)
  6 rats
575 creatures vanquished.

Vanquished Creatures (others)
  A blink frog (Lair:4)
  An orc (D:5)
  A goblin (D:4)
3 creatures vanquished.

Grand Total: 578 creatures vanquished

Notes
Turn   | Place    | Note
-------+----------+-------------------------------------------
     0 | D:1      | shadizar the Gargoyle Fighter began the quest for the Orb.
     0 | D:1      | Reached XP level 1. HP: 14/14 MP: 1/1
    60 | D:1      | Reached XP level 2. HP: 19/19 MP: 2/2
   252 | D:1      | Reached XP level 3. HP: 18/23 MP: 3/3
  1011 | D:2      | Reached XP level 4. HP: 26/29 MP: 4/4
  1251 | D:2      | Identified the +1 pair of boots "Toadicak" {-Tele Fly rElec
                  | Stlth+}
  1330 | D:2      | Noticed Natasha
  1345 | D:2      | Killed Natasha
  1610 | D:2      | Noticed Natasha
  1619 | D:2      | Killed Natasha
  1620 | D:2      | Reached XP level 5. HP: 33/33 MP: 5/5
  1637 | D:2      | Noticed Natasha
  1643 | D:2      | Killed Natasha
  1834 | D:3      | Found a glowing golden altar of the Shining One.
  2016 | D:3      | Reached XP level 6. HP: 25/39 MP: 6/6
  2610 | D:4      | Noticed Eustachio
  2631 | D:4      | Killed Eustachio
  2632 | D:4      | Reached skill level 5 in Fighting
  2632 | D:4      | Reached skill level 5 in Armour
  2632 | D:4      | Reached skill level 5 in Shields
  2632 | D:4      | Reached XP level 7. HP: 42/44 MP: 7/7
  2929 | D:4      | Noticed Robin
  2963 | D:4      | Killed Robin
  3008 | D:4      | Found Isocorah's Antique Armour Shoppe.
  3447 | D:5      | Entered Level 5 of the Dungeon
  3643 | D:5      | Found a sand-covered staircase.
  3652 | Ossuary  | Entered an ossuary
  3679 | Ossuary  | Reached XP level 8. HP: 51/51 MP: 8/8
  4194 | D:5      | Reached skill level 5 in Maces & Flails
  4577 | D:5      | Found a staircase to the Ecumenical Temple.
  4643 | Temple   | Entered the Ecumenical Temple
  4657 | Temple   | Became a worshipper of Warmaster Okawaru
  4985 | D:6      | Noticed a two-headed ogre
  5203 | D:4      | Bought a kite shield for 108 gold pieces
  5203 | D:4      | Bought a smoking chain mail for 228 gold pieces
  5203 | D:4      | Identified the +4 chain mail "Apliple" {rC+ Regen+ Str-2}
                  | (You bought it in a shop on level 4 of the Dungeon)
  5370 | D:6      | Reached XP level 9. HP: 57/57 MP: 9/9
  5513 | D:6      | Found Pogef's Assorted Antiques.
  5738 | D:6      | Killed a two-headed ogre
  5738 | D:6      | Reached * piety under Okawaru
  6047 | D:7      | Noticed Menkaure
  6052 | D:7      | Killed Menkaure
  6090 | D:7      | Found an ancient bone altar of Kikubaaqudgha.
  6125 | D:7      | Identified the +4 falchion of Gozag, Flying {drain, ^Contam
                  | rElec rPois Str+4}
  6247 | D:7      | Reached XP level 10. HP: 58/64 MP: 10/10
  6258 | D:7      | Reached ** piety under Okawaru
  6410 | D:7      | Found a white marble altar of Elyvilon.
  6916 | D:7      | Found Affiheti's Magic Scroll Shoppe.
  6955 | D:8      | Found a hide-covered altar of Uskayaw.
  7071 | D:8      | Found Irghohoh's Assorted Antiques.
  7103 | D:8      | Reached *** piety under Okawaru
  7374 | D:8      | Found a snail-covered altar of Cheibriados.
  7424 | D:8      | Found a sacrificial altar of Ru.
  8023 | D:9      | Noticed a two-headed ogre
  8170 | D:8      | Killed a two-headed ogre
  8170 | D:8      | Reached **** piety under Okawaru
  8171 | D:8      | Reached XP level 11. HP: 27/72 MP: 9/11
  8375 | D:9      | Found a broken altar of Ashenzari.
  8401 | D:9      | Reached skill level 10 in Fighting
  8442 | D:9      | Reached skill level 10 in Armour
  8645 | D:9      | Reached skill level 10 in Shields
  9171 | D:9      | Reached ***** piety under Okawaru
  9501 | D:10     | Entered Level 10 of the Dungeon
  9509 | D:10     | Noticed a two-headed ogre
  9520 | D:10     | Killed a two-headed ogre
  9520 | D:10     | Received a gift from Okawaru
  9582 | D:10     | Found a staircase to the Lair.
  9658 | D:10     | Noticed a deep elf pyromancer
  9672 | D:10     | Killed a deep elf pyromancer
  9686 | D:10     | Found a staircase to the Orcish Mines.
  9804 | D:10     | Found a runed translucent door.
  9804 | D:10     | Noticed a sixfirhy
 10256 | Lair:1   | Entered Level 1 of the Lair of Beasts
 10345 | Lair:1   | Found a dark tunnel.
 10357 | Volcano  | Entered a volcano
 10742 | Volcano  | Found a radiant altar of Vehumet.
 10742 | Volcano  | Noticed a lindwurm
 10766 | Volcano  | Killed a lindwurm
 10839 | Volcano  | Noticed a hell hog
 10850 | Volcano  | Killed a hell hog
 10851 | Volcano  | Reached XP level 12. HP: 25/80 MP: 3/12
 10964 | Volcano  | Reached skill level 10 in Maces & Flails
 11365 | Lair:1   | Noticed Amaemon
 11374 | Lair:1   | Killed Amaemon
 12050 | Lair:2   | Found a hole to the Spider Nest.
 12073 | Lair:2   | Received a gift from Okawaru
 12074 | Lair:2   | Reached skill level 1 in Dodging
 12201 | Lair:2   | Found a staircase to the Shoals.
 12400 | Lair:2   | Noticed Prince Ribbit
 12425 | Lair:2   | Killed Prince Ribbit
 12577 | Lair:2   | Noticed a death yak
 12577 | Lair:2   | Noticed a death yak
 12577 | Lair:2   | Noticed a death yak
 12610 | Lair:1   | Killed a death yak
 12611 | Lair:1   | Reached XP level 13. HP: 76/86 MP: 9/13
 12971 | Lair:2   | Found a blossoming altar of Fedhas.
 13213 | Lair:3   | Received a gift from Okawaru
 14419 | Lair:4   | Found a staircase to the Slime Pits.
 14420 | Lair:4   | Found a viscous altar of Jiyva.
 14437 | Lair:4   | Found a transporter.
 14437 | Lair:4   | Found a transporter.
 14460 | Lair:4   | Noticed Zenatt's ghost (journeyman TrFi)
 14463 | Lair:4   | Found a bloodstained altar of Trog.
 14472 | Lair:4   | Received a gift from Okawaru
 15006 | Lair:4   | Reached ****** piety under Okawaru
 15006 | Lair:4   | Received a gift from Okawaru
 15014 | Lair:4   | Acquired the +3 plate armour of the Gusle {+Inv rN+}
 15014 | Lair:4   | Received a gift from Okawaru
 15018 | Lair:4   | Acquired a +1 eveningstar of freezing
 15018 | Lair:4   | Received a gift from Okawaru
 15367 | Lair:5   | Entered Level 5 of the Lair of Beasts
 15490 | Lair:5   | Gained mutation: Your large and strong wings let you fly.
                  | [Gargoyle growth]
 15490 | Lair:5   | Reached XP level 14. HP: 94/94 MP: 14/14
 15751 | Lair:5   | Received a gift from Okawaru
 15828 | Lair:5   | Reached skill level 5 in Dodging
 15931 | Lair:5   | Identified the +2 scale mail "Zaimopoz" {Slay+3}
 16143 | Lair:5   | Found a large runed translucent door.
 16144 | Lair:5   | Found a large runed translucent door.
 16858 | Lair:5   | Received a gift from Okawaru
 17010 | Spider:1 | Entered Level 1 of the Spider Nest
 17110 | Spider:1 | You are sucked into a shaft and drop 1 floor!
 17137 | Spider:1 | Noticed Roxanne
 17716 | Spider:1 | Identified the ring "Veaptor" {rElec rCorr Slay+4 SInv}
 18098 | Spider:1 | Received a gift from Okawaru
 18104 | Spider:1 | Reached XP level 15. HP: 80/100 MP: 10/15
 18135 | Spider:2 | Mangled by a spark wasp

Illustrated notes

Levels and vault maps discovered:
D:1:      wheals_arrival_linesprint, layout_rooms, minmay_split_cup_small
D:2:      layout_loops_cross, minmay_between, uniq_natasha
D:3:      layout_rooms, overflow_temple_1_default, skrybe_limestone_x,
          kennysheep_potato
D:4:      layout_loops_corners, serial_shops, nicolae_stop_n_shop_1,
          serial_demonic, serial_demonic_f, serial_demonic_e, serial_demonic_e,
          serial_demonic_f, uniq_robin, uniq_eustachio
D:5:      layout_cave_pools, minmay_temple_entry_junction_2, enter_ossuary_5
D:6:      layout_basic, serial_shops, shop
D:7:      layout_loops_ring, kiku_gazebo_pond_becter,
          nicolae_elyvilon_temple_path, serial_shops, nicolae_shop_peninsula,
          amcnicky_mini_pool_small, nicolae_hexahallways,
          kennysheep_generic_room_2, uniq_menkaure
D:8:      layout_loops_corners, mainiacjoe_overflow_cross_hatched,
          mainiacjoe_overflow_catch_the_wave, serial_shops,
          nicolae_shop_overgrown_old_shop
D:9:      layout_layer_cave, nicolae_ashenzari_skybound
D:10:     cheibrodos_shockbox, layout_irregular_city, lair_entry_dummy,
          minmay_orc_entry_temple_small
Temple:   nicolae_temple_bog_church
Lair:1:   layout_hall_layers, enter_volcano_4, uniq_amaemon
Lair:2:   layout_layer_cave, elwin_shoals_entry_rocks, spider_nest_entry_a,
          basic_altar, serial_bayou_ford_a, uniq_prince_ribbit2
Lair:3:   layout_cave_pods, grunt_megastairs_1
Lair:4:   lemuel_reptile_caves, layout_hall_layers, slime_entry_1,
          gammafunk_ghost_wrathful_warriors, grunt_megastairs_3,
          infiniplex_staircase_pool_2
Lair:5:   cheibrodos_lair_end_hotspot, layout_small_grid,
          chequers_serial_rivers_small_3
Spider:1: layout_spider_delve, uniq_roxanne
Spider:2: layout_cave_pods, hangedman_spider_tarantella_strand

Skill      XL: |  1  2  3  4  5  6  7  8  9 10 11 12 13 14 |
---------------+-------------------------------------------+-----
Fighting       | 4 5 7 8 9 11 12 13 14 | 14.1
Armour         | 4 5 7 8 9 11 12 13 14 | 14.1
Shields        | 4 5 7 8 9 10 12 13 14 | 14.1
Maces & Flails | 3 4 5 7 8 9 10 11 12 | 12.8
Dodging        | 2 4 6 |  6.2

Action                     |  1- 3 |  4- 6 |  7- 9 | 10-12 | 13-15 || total
---------------------------+-------+-------+-------+-------+-------++-------
  Melee: Flail             |   140 |   187 |   481 |   374 |       ||  1182
         Mace              |       |       |    30 |    11 |       ||    41
         Morningstar       |       |       |       |   367 |       ||   367
         Demon whip        |       |       |       |   144 |  1038 ||  1182
 Invoke: Heroism           |       |       |       |    10 |    10 ||    20
         Finesse           |       |       |       |     1 |       ||     1
         Receive Weapon    |       |       |       |       |     1 ||     1
         Receive Armour    |       |       |       |       |     1 ||     1
    Use: Potion            |       |     1 |     5 |     2 |     4 ||    12
         Scroll            |       |       |    14 |     9 |     5 ||    28
   Stab: Distracted        |       |       |       |     1 |     1 ||     2
         Paralysed         |       |       |       |       |     6 ||     6
         Confused          |       |       |       |       |     2 ||     2
 Armour: Scale mail        |   165 |    59 |       |       |       ||   224
         Chain mail        |       |   153 |   598 |   869 |   748 ||  2368
  Dodge: Dodged            |    87 |   125 |   248 |   327 |   294 ||  1081
  Block: Buckler           |    58 |    76 |   123 |       |       ||   257
         Kite shield       |       |       |    96 |   676 |   503 ||  1275

Table legend: (Time is in decaauts)
 A = Elapsed time spent in this place.
 B = Non-inter-level travel time spent in this place.
 C = Inter-level travel time spent in this place.
 D = Time resting spent in this place.
 E = Time spent auto-exploring this place.
 F = Levels seen in this place.
 G = Mean time per level.
                   A        B        C        D        E       F      G
               +--------+--------+--------+--------+--------+-----+--------+
         Total |  17902 |  17422 |    480 |      0 |  11317 |  20 |  895.1 |
       Dungeon |   9980 |   9770 |    210 |      0 |   6621 |  10 |  998.0 |
        Temple |     28 |      3 |     25 |      0 |      0 |   1 |   28.0 |
          Lair |   5637 |   5430 |    207 |      0 |   3795 |   5 | 1127.4 |
   Spider Nest |   1030 |    993 |     37 |      0 |    585 |   2 |  515.0 |
       Ossuary |    519 |    519 |      0 |      0 |    214 |   1 |  519.0 |
       Volcano |    706 |    706 |      0 |      0 |    102 |   1 |  706.0 |
               +--------+--------+--------+--------+--------+-----+--------+

Top non-repeatable levels by time:
  Lair:5: 1394 daAuts
     D:8: 1323 daAuts
     D:9: 1293 daAuts
     D:4: 1209 daAuts
  Lair:2: 1143 daAuts
  Lair:1: 1081 daAuts
  Lair:3: 1044 daAuts
     D:7: 996 daAuts
     D:5: 988 daAuts
  Lair:4: 973 daAuts
     D:6: 957 daAuts
Spider:1: 918 daAuts
     D:2: 882 daAuts
     D:1: 876 daAuts
    D:10: 753 daAuts
